 Dungeon Crawl Stone Soup version 0.31-a0-983-g7b6862f502 (webtiles) character file.

Game seed: 11624328565085194281

2 thriggle the Shooter (level 1, -1/15 HPs)
             Began as a Mummy Wanderer on Nov 2, 2023.
             Slain by a gnoll
             ... wielding a +0 flail
              (8 damage)
             ... on level 1 of the Dungeon.
             The game lasted 00:01:21 (159 turns).

thriggle the Shooter (Mummy Wanderer)                Turns: 159, Time: 00:01:23

Health: -1/15      AC:  6    Str: 13    XL:     1   Next: 33%
Magic:  1/2        EV:  8    Int: 11    God:
Gold:   38         SH:  0    Dex: 13    Spells: 1/2 levels left

rFire   x . .        a - +2 sling
rCold   + . .        (no shield)
rNeg    + + +        b - +0 scale mail
rPois   ∞            (no helmet)
rElec   .            (no cloak)
rCorr   .            (no gloves)
SInv    .            (no boots)
Will    .....        (no amulet) Stlth
                     (no ring)
HPRegen 0.22/turn    (no ring)
MPRegen 0.08/turn

%: faith
@: no status effects
A: cold resistance 1, negative energy resistance 3, torment resistance 2, heat
vulnerability 1, in touch with death 1, no potions, faith
a: no special abilities


You were on level 1 of the Dungeon.
You visited 1 branch of the dungeon, and saw 1 of its levels.

You collected 38 gold pieces.

Inventory:

Hand Weapons
 a - a +2 sling (weapon)
Missiles
 d - 4 stones
Armour
 b - a +0 scale mail (worn)
Scrolls
 c - a scroll of silence


   Skills:
 + Level 1.1 Fighting
 + Level 4.1 Ranged Weapons
 + Level 1.0 Armour
 + Level 1.4 Spellcasting
 + Level 1.0 Conjurations
 + Level 1.0 Evocations


You had one spell level left.
You knew the following spells:

 Your Spells              Type           Power      Damage    Failure   Level
a - Magic Dart            Conj           12%        1d3       69%         1

Your spell library contained the following spells:

 Spells                   Type           Power      Damage    Failure   Level
 Stone Arrow              Conj/Erth      2%         3d7       98%         3


Dungeon Overview and Level Annotations

Branches:
Dungeon (1/15)

Altars:

Shops:
D:1 :


Innate Abilities, Weirdness & Mutations

You are immune to poison.
Your flesh is cold resistant. (rC+)
You are immune to negative energy. (rN+++)
You are immune to unholy pain and torment.
You are vulnerable to heat. (rF-)
You are in touch with the powers of death.
You do not drink.
You have a special connection with the divine. (Faith)


Message History

Fire: a) +2 sling
Press: ? - help, Shift-Dir - straight line, f/p - gnoll
Aim: a gnoll, wielding a +0 flail (63% to hit)
You shoot a sling bullet.
The sling bullet closely misses the gnoll.
Fire: a) +2 sling
Press: ? - help, Shift-Dir - straight line, f/p - gnoll
Aim: a gnoll, wielding a +0 flail (63% to hit)
You shoot a sling bullet.
The sling bullet hits the gnoll but does no damage.
The gnoll barely misses you.
Fire: a) +2 sling
Press: ? - help, Shift-Dir - straight line, f/p - gnoll
Aim: a gnoll, wielding a +0 flail (63% to hit)
You shoot a sling bullet.
The sling bullet closely misses the gnoll.
The gnoll hits you with a +0 flail. x2
Casting: Magic Dart (safe; 69% risk of failure)
Confirm with . or Enter, or press ? or * to list all spells.
Aiming: Magic Dart (safe; 69% risk of failure)
Press: ? - help, Shift-Dir - straight line, f/p - gnoll
Aim: a gnoll, wielding a +0 flail (100% to hit)
The magic dart hits the gnoll.
The gnoll is lightly wounded.
The gnoll barely misses you.
Fire: a) +2 sling
Press: ? - help, Shift-Dir - straight line, f/p - gnoll
Aim: a gnoll, wielding a +0 flail (lightly wounded, 63% to hit)
You shoot a sling bullet. The sling bullet hits the gnoll.
The gnoll is heavily wounded.
The gnoll closely misses you.
Okay, then.
Fire: a) +2 sling
Press: ? - help, Shift-Dir - straight line, f/p - gnoll
Aim: a gnoll, wielding a +0 flail (heavily wounded, 63% to hit)
You shoot a sling bullet.
The sling bullet closely misses the gnoll.
The gnoll hits you with a +0 flail!
Ouch! That really hurt!
You die...

... ..... #.#.# #.#.# #.#.#
#.#.# #.#.#
#.#.########.#.# ##
#.....!....g@#.####### . ..
............#..†.....## #.#
.#
#...########.#.####...#...#
.# #...# #.#......#.....#
.# #...# #.######...#.###
.####...# #.###.#.#.## #
.#......# #..#..#...#
.#.###..# #####..###∩##.#
...# #..# #.........#...#


You could see a gnoll.

Vanquished Creatures
  An endoplasm (D:1)
  A frilled lizard (D:1)
  A rat (D:1)
3 creatures vanquished.

Notes
Turn   | Place    | Note
-------+----------+-------------------------------------------
     0 | D:1      | thriggle the Mummy Wanderer began the quest for the Orb.
     0 | D:1      | thriggle set off with the following items: a +2 sling, a +0
                  | scale mail, a scroll of silence; and the following spell
                  | memorised: Magic Dart; and the following spells available
                  | to memorise: Stone Arrow.
     0 | D:1      | Reached XP level 1. HP: 15/15 MP: 2/2
   105 | D:1      | Found Fyerch's Book Shop.
   159 | D:1      | Slain by a gnoll

Illustrated notes

Levels and vault maps discovered:
D:1:      dpeg_arrival_erosion, layout_loops_ring, serial_shops,
          nicolae_book_shop_shelving, minmay_heptomino_h4

Action                     || total
---------------------------++-------
   Fire: Sling             ||    16
   Cast: Magic Dart        ||     1
 Armour: Scale mail        ||     6
  Dodge: Dodged            ||     6

Table legend: (Time is in decaauts)
 A = Elapsed time spent in this place.
 B = Non-inter-level travel time spent in this place.
 C = Inter-level travel time spent in this place.
 D = Time resting spent in this place.
 E = Time spent auto-exploring this place.
 F = Levels seen in this place.
 G = Mean time per level.
                   A        B        C        D        E       F      G
               +--------+--------+--------+--------+--------+-----+--------+
         Total |    165 |    165 |      0 |      0 |    101 |   1 |  165.0 |
       Dungeon |    165 |    165 |      0 |      0 |    101 |   1 |  165.0 |
               +--------+--------+--------+--------+--------+-----+--------+

Top non-repeatable levels by time:
     D:1: 165 daAuts
